 Dungeon Crawl Stone Soup version 0.20.1-1-g8b1a95d (console) character file.

27856 hilaritas the Ripper (level 13, -9/97 HPs)
             Began as a Felid Berserker on Oct 14, 2017.
             Was a High Priest of Trog.
             Mangled by a two-headed ogre
             ... wielding a +0 dire flail
              (10 damage)
             ... on level 15 of the Dungeon.
             The game lasted 01:03:18 (24272 turns).

hilaritas the Ripper (Felid Berserker)             Turns: 24272, Time: 01:03:19

Health: -9/97      AC: 26    Str: 19    XL:     13   Next: 6%
Magic:  14/14      EV:  4    Int:  9    God:    Trog [*****.]
Gold:   298        SH:  0    Dex: 14    Spells: 12/12 levels left
                                        Lives:  0   Deaths: 3

rFire    + . .     SeeInvis +     - Unarmed
rCold    + . .     Gourm    .   (shield unavailable)
rNeg     + + +     Faith    +   (armour unavailable)
rPois    +         Spirit   .   (helmet unavailable)
rElec    .         Reflect  .   (cloak unavailable)
rCorr    .         Harm     .   (gloves unavailable)
MR       +....     NoTele   +   (boots unavailable)
Stlth    +++++++...             T - amulet "Syited" {Faith rC+ rN++ Str-2 Stlth+}
Regen    0.3/turn               q - ring "Avamecw" {Fire rN+ Str+4}
MPRegen  0.2/turn               D - ring of protection from cold

@: tree-form, studying Dodging
A: no armour, no weapons or thrown items, stealth, see invisible, carnivore 3,
clumsy 1, sense surroundings 1, slow metabolism 1, wild magic 1
a: Berserk, Trog's Hand, Brothers in Arms, Burn Spellbooks, Renounce Religion


You were on level 15 of the Dungeon.
You worshipped Trog.
Trog was extremely pleased with you.
You were not hungry.
You were a tree.
You visited 2 branches of the dungeon, and saw 21 of its levels.
You also visited: Ice Cave.

You collected 1770 gold pieces.
You spent 1472 gold pieces at shops.

Inventory:

Jewellery
 j - an uncursed ring of resist corrosion
 k - an uncursed ring of flight
 o - an uncursed ring of fire
 q - the ring "Avamecw" (left branch) {Fire rN+ Str+4}
   (You found it on level 5 of the Dungeon)

   [ring of fire]

   It enhances your fire magic.
   It affects your strength (+4).
   It protects you from fire.
   It makes you vulnerable to cold.
   It protects you from negative energy.
 D - a ring of protection from cold (right branch)
 T - the amulet "Syited" (around neck) {Faith rC+ rN++ Str-2 Stlth+}
   (You bought it in a shop on level 14 of the Dungeon)

   [amulet of faith]

   It allows you to gain divine favour quickly.
   It affects your strength (-2).
   It protects you from cold.
   It greatly protects you from negative energy.
   It makes you more stealthy.
Wands
 b - a wand of lightning (3/15)
 i - a wand of iceblast (10/15)
 x - a wand of disintegration (3/24)
 B - a wand of polymorph (14/24)
 E - a wand of enslavement (12/24)
 F - a wand of confusion (40/48)
 G - a wand of scattershot (2/9)
 O - a wand of paralysis (16/24)
 R - a wand of polymorph (14/24)
 S - a wand of paralysis (9/24)
 V - a wand of iceblast (10/15)
 W - a wand of flame (33/48)
 X - a wand of flame (20/48)
Scrolls
 d - 14 scrolls of teleportation
 h - 4 scrolls of identify
 s - 2 scrolls of fear
 t - 12 scrolls of remove curse
 A - a scroll of magic mapping
 K - 3 scrolls of recharging
 N - a scroll of fog
Potions
 e - 3 potions of might
 g - a potion of berserk rage {unknown}
 l - 2 potions of flight {unknown}
 m - 3 potions of mutation
 n - 8 potions of curing
 r - a potion of magic {unknown}
 u - 2 potions of lignification
 v - 3 potions of ambrosia
 w - 2 potions of agility {unknown}
 z - 3 potions of haste
 C - a potion of resistance {unknown}
Books
 p - a book of Conjurations

   Spells                             Type                      Level
   a - Magic Dart                     Conjuration                  1
   b - Searing Ray                    Conjuration                  2
   c - Dazzling Spray                 Conjuration/Hexes            3
   d - Fulminant Prism                Conjuration/Hexes            4
   e - Force Lance                    Conjuration/Translocation    4
   f - Iskenderun's Mystic Blast      Conjuration                  4
   Trog disapproves of the use of such an item.
 H - a book of Geomancy

   Spells                             Type                      Level
   a - Sandblast                      Earth                        1
   b - Passwall                       Transmutation/Earth          2
   c - Stone Arrow                    Conjuration/Earth            3
   d - Petrify                        Transmutation/Earth          4
   e - Lee's Rapid Deconstruction     Earth                        5
   Trog disapproves of the use of such an item.
 I - a book of Clouds

   Spells                             Type                      Level
   a - Poisonous Vapours              Poison/Air                   2
   b - Mephitic Cloud                 Conjuration/Poison/Air       3
   c - Conjure Flame                  Conjuration/Fire             3
   d - Freezing Cloud                 Conjuration/Ice/Air          6
   e - Ring of Flames                 Charms/Fire                  7
   Trog disapproves of the use of such an item.
 J - a book of Necromancy

   Spells                             Type                      Level
   a - Pain                           Necromancy                   1
   b - Animate Skeleton               Necromancy                   1
   c - Vampiric Draining              Necromancy                   3
   d - Regeneration                   Charms/Necromancy            3
   e - Animate Dead                   Necromancy                   4
   f - Control Undead                 Necromancy                   4
   Trog disapproves of the use of such an item.
 L - a Young Poisoner's Handbook

   Spells                             Type                      Level
   a - Sting                          Conjuration/Poison           1
   b - Poisonous Vapours              Poison/Air                   2
   c - Mephitic Cloud                 Conjuration/Poison/Air       3
   d - Olgreb's Toxic Radiance        Poison                       4
   e - Venom Bolt                     Conjuration/Poison           5
   Trog disapproves of the use of such an item.
 P - a book of Maledictions

   Spells                             Type                      Level
   a - Corona                         Hexes                        1
   b - Ensorcelled Hibernation        Hexes/Ice                    2
   c - Confuse                        Hexes                        3
   d - Tukima's Dance                 Hexes                        3
   e - Dazzling Spray                 Conjuration/Hexes            3
   Trog disapproves of the use of such an item.
 Q - a book of Changes

   Spells                             Type                      Level
   a - Beastly Appendage              Transmutation                1
   b - Sticks to Snakes               Transmutation                2
   c - Spider Form                    Transmutation/Poison         3
   d - Ice Form                       Ice/Transmutation            4
   e - Blade Hands                    Transmutation                5
   Trog disapproves of the use of such an item.
 Y - a book of Misfortune

   Spells                             Type                      Level
   a - Confusing Touch                Hexes                        1
   b - Confuse                        Hexes                        3
   c - Gell's Gravitas                Translocation                3
   d - Petrify                        Transmutation/Earth          4
   e - Metabolic Englaciation         Hexes/Ice                    5
   f - Yara's Violent Unravelling     Hexes/Transmutation          5
   Trog disapproves of the use of such an item.
 Z - a manual of Dodging
Miscellaneous
 c - a fan of gales
 M - 2 sacks of spiders
 U - a phial of floods
Comestibles
 a - 13 meat rations
 f - 8 royal jellies


   Skills:
 * Level 12.7 Fighting
 * Level 17.0 Dodging
 + Level 14.2 Stealth
 - Level 18.0 Unarmed Combat


You had 12 spell levels left.
You didn't know any spells.

Dungeon Overview and Level Annotations

Branches:
Dungeon (15/15)            Temple (0/1) D:6            Lair (6/6) D:11
 Shoals (0/4) Lair:3        Snake (0/4) Lair:2        Slime (0/5) Lair:5
    Orc (0/2) D:10         Vaults (0/5) D:13         Depths (0/5) D:15

Altars:
Fedhas
Gozag
Beogh

Shops:
D:6 }   D:11 *   D:13 [   D:14 =

Annotations:
D:11 exclusion: oklob sapling
Lair:5 exclusion: oklob plant


Innate Abilities, Weirdness & Mutations

You cannot wear armour.
You are incapable of wielding weapons or throwing items.
Your paws allow you to move quietly. (Stealth)
((You have sharp claws.))
((You have razor-sharp teeth.))
You have supernaturally acute eyesight. (SInv)
You are carnivorous and can eat meat at any time.
((You cover ground quickly.))
((Your thick and shaggy fur keeps you warm. (AC +3, rC+)))
You have a slow metabolism.
((Your sharp claws are effective at attacking unaware monsters.))
((You are partially covered in iridescent scales. (AC +2)))
((You are partially covered in slimy green scales. (AC +2)))
You are clumsy. (Dex -2)
You passively map a small area around you.
Your spells are a little harder to cast, but a little more powerful.


Message History

The two-headed ogre hits you but does no damage.
The two-headed ogre barely misses you.
You barely miss the two-headed ogre.
The centaur warrior hits you but does no damage.
You hit the two-headed ogre.
The two-headed ogre is lightly wounded.
Your deep troll is no longer berserk.
The centaur warrior hits you.
* * * LOW HITPOINT WARNING * * *
The two-headed ogre hits you but does no damage. x2
You pummel the two-headed ogre!!
The two-headed ogre is severely wounded.
The centaur warrior hits you but does no damage.
You smack the two-headed ogre!
The two-headed ogre is almost dead.
The centaur warrior hits you but does no damage.
The two-headed ogre hits you with a dire flail.
* * * LOW HITPOINT WARNING * * *
The two-headed ogre hits you with a giant club!
You die...

###..##...#.[..................
#....##...#.#........$..#..##..
#.##..###.#.#........##.......#
#..
#......#..........(....##... #.
#.)........%.......(...##..#
#.*
#.....(#...............#...# #
#...###(####....[........#.#
#......#..⌠#..........W..#.#
#....#....(#.#####...##..#.#
#....#.#(.T#O....#..##...... ,
#....#..#.#♣# , #.c...##..#
#....#.....#c..# ##...#**.## ,
#,...#####.#.....#.... .# ,
,......./#>..#...##. ,## ,
,#......####.### ,
#<.....(...#.. *#........<.....
, #..(.(.C...# .. ######OQ.....
....... * * *####### *


You could see a centaur warrior, a two-headed ogre and a friendly deep troll.

Vanquished Creatures
  Rupert (Lair:3)
  Kirke (D:13)
  Agnes (D:14)
  2 slime creatures (D:13)
  4 dire elephants (Lair:6)
  Josephine (D:11)
  A fire dragon (D:15)
  The ghost of Feta the Cleaver, a journeyman DgFi (D:11)
  9 hydras
  3 centaur warriors (D:13)
  An anaconda (Lair:6)
  4 two-headed ogres
  A death knight (D:14)
  2 tengu warriors
  Urug (D:13)
  An unseen horror (D:14)
  A deep elf archer (D:13)
  A phantasmal warrior (D:14)
  A lindwurm (Lair:6)
  3 deep elf magi
  Pikel (D:8)
  An orc knight (D:13)
  14 ugly things
  3 cyclopes
  3 ice statues (IceCv)
  2 black mambas
  A centaur zombie (D:14)
  9 elephants (Lair:6)
  Psyche (D:11)
  A gargoyle (D:14)
  3 rime drakes
  4 spiny frogs
  A kobold demonologist (D:13)
  5 komodo dragons
  The ghost of Patate the Chopper, an amateur HOFi (D:4)
  A polar bear (Lair:5)
  3 hornets
  A wolf spider simulacrum (D:15)
  14 dream sheep
  9 hippogriffs
  6 wraiths
  A spriggan (D:7)
  A vampire (D:13)
  2 hogs (D:13)
  3 basilisks
  2 wyverns
  3 steam dragons
  2 hungry ghosts
  28 yaks
  2 wargs (D:11)
  A soldier ant (D:14)
  A hell hound (D:14)
  9 porcupines
  16 water moccasins
  8 orc warriors
  6 sky beasts
  19 ice beasts
  A black bear (D:9)
  A necrophage (D:10)
  3 phantoms
  A slave (D:8)
  5 ogres
  16 centaurs
  11 wolves
  7 crocodiles
  3 big kobolds
  17 bullfrogs
  A gnoll sergeant (D:7)
  3 wyvern skeletons
  A wyvern zombie (D:11)
  3 scorpions
  5 killer bees (D:11)
  4 wights
  An electric eel (Lair:4)
  3 howler monkeys
  5 crimson imps
  5 bullfrog zombies
  9 hounds
  A quasit (D:7)
  9 jellies
  2 bullfrog skeletons
  3 centaur skeletons
  14 orc priests
  16 orc wizards
  3 iguanas
  5 worker ants
  A hound zombie (D:7)
  A mummy (D:10)
  2 worker ant zombies
  2 howler monkey zombies
  8 gnolls
  13 adders
  A shadow imp (D:8)
  13 oozes
  2 adder skeletons (D:9)
  A worm (D:2)
  3 dart slugs (D:1)
  6 leopard geckos
  43 orcs
  7 ball pythons
  4 bats
  8 giant cockroaches
  12 goblins
  3 hobgoblins (D:2)
  5 jackals (D:2)
  6 quokkas
  10 frilled lizards
  13 kobolds
  A leopard gecko zombie (D:8)
  A quokka zombie (D:6)
  5 rats
  A bush (D:3)
  6 plants (Lair:6)
564 creatures vanquished.

Vanquished Creatures (collateral kills)
  Azrael (D:14)
  A dire elephant (Lair:6)
  2 two-headed ogres
  A skeletal warrior (D:14)
  A deep troll (D:15)
  A manticore (Lair:3)
  A cyclops (D:15)
  4 elephants (Lair:6)
  A hippogriff (Lair:3)
  5 dream sheep (Lair:5)
  4 yaks (Lair:5)
  A wraith (D:14)
  A fire elemental (D:14)
  A hungry ghost (D:14)
  2 hell hounds (D:14)
  An orc warrior (D:13)
  A centaur (D:13)
  2 orcs (D:12)
  A kobold (D:13)
32 creatures vanquished.

Vanquished Creatures (others)
  3 humans (D:13)
  2 slaves
  A scorpion (D:13)
  A crimson imp (D:11)
  A jelly (D:6)
  A quokka (D:8)
  14 fungi
  9 plants
32 creatures vanquished.

Grand Total: 628 creatures vanquished

Notes
Turn   | Place    | Note
-------+----------+-------------------------------------------
     0 | D:1      | hilaritas the Felid Berserker began the quest for the Orb.
     0 | D:1      | Reached XP level 1. HP: 10/10 MP: 2/2
   155 | D:1      | Reached skill level 1 in Stealth
   224 | D:1      | Reached XP level 2. HP: 9/14 MP: 3/3
   998 | D:2      | Reached XP level 3. HP: 12/17 MP: 4/4
  1136 | D:2      | Reached skill level 4 in Unarmed Combat
  2010 | D:2      | Reached ** piety under Trog
  2010 | D:2      | Reached XP level 4. HP: 21/21 MP: 5/5
  2352 | D:3      | Noticed a big kobold
  2356 | D:3      | Killed a big kobold
  2356 | D:3      | Reached skill level 5 in Unarmed Combat
  2356 | D:3      | Reached XP level 5. HP: 16/24 MP: 6/6
  3026 | D:4      | Noticed an ogre
  3035 | D:4      | Killed an ogre
  3035 | D:4      | Reached skill level 5 in Stealth
  3035 | D:4      | Gained mutation: You are covered in thick fur. (AC +2) [Felid growth]
  3035 | D:4      | Reached XP level 6. HP: 28/28 MP: 7/7
  3248 | D:4      | Noticed Patate's ghost (amateur HOFi)
  3260 | D:4      | Killed Patate's ghost
  3260 | D:4      | Reached skill level 6 in Unarmed Combat
  3260 | D:4      | Reached XP level 7. HP: 31/31 MP: 8/8
  4056 | D:5      | Entered Level 5 of the Dungeon
  4070 | D:5      | Reached skill level 7 in Unarmed Combat
  4391 | D:5      | Got a warped bone ring
  4392 | D:5      | Identified the ring "Avamecw" {Fire rN+ Str+4} (You found it on level 5 of the Dungeon)
  4495 | D:5      | Gained mutation: Potions are less effective at restoring your health. [potion of mutation]
  4495 | D:5      | Gained mutation: Your spells are a little easier to cast, but a little less powerful. [potion of mutation]
  4495 | D:5      | Gained mutation: You are clumsy. (Dex -2) [potion of mutation]
  4495 | D:5      | Gained mutation: You passively map a small area around you. [potion of mutation]
  4496 | D:5      | Lost mutation: You are clumsy. (Dex -2) [potion of mutation]
  4496 | D:5      | Gained mutation: You expend magic power (3 MP) to strengthen your wands. [potion of mutation]
  4496 | D:5      | Gained mutation: You are partially covered in yellow scales. (AC +2) [potion of mutation]
  4497 | D:5      | Lost mutation: You are partially covered in yellow scales. (AC +2) [potion of mutation]
  4497 | D:5      | Lost mutation: Your spells are a little easier to cast, but a little less powerful. [potion of mutation]
  4497 | D:5      | Lost mutation: Potions are less effective at restoring your health. [potion of mutation]
  4497 | D:5      | Lost mutation: You expend magic power (3 MP) to strengthen your wands. [potion of mutation]
  4497 | D:5      | Gained mutation: You are clumsy. (Dex -2) [potion of mutation]
  4497 | D:5      | Gained mutation: You are partially covered in iridescent scales. (AC +2) [potion of mutation]
  4497 | D:5      | Gained mutation: You are partially covered in slimy green scales. (AC +2) [potion of mutation]
  4497 | D:5      | Gained mutation: Your spells are a little harder to cast, but a little more powerful. [potion of mutation]
  4759 | D:6      | Reached skill level 8 in Unarmed Combat
  4759 | D:6      | Reached XP level 8. HP: 34/34 MP: 7/9
  4852 | D:6      | Found Caafeseu's Gadget Shop.
  4901 | D:6      | Reached *** piety under Trog
  5068 | D:6      | Reached skill level 9 in Unarmed Combat
  5189 | D:6      | Found a staircase to the Ecumenical Temple.
  5463 | D:7      | Reached skill level 10 in Unarmed Combat
  5600 | D:7      | Noticed a hippogriff
  5604 | D:7      | Killed a hippogriff
  5604 | D:7      | Reached XP level 9. HP: 38/38 MP: 10/10
  5676 | D:7      | Reached skill level 5 in Dodging
  6297 | D:7      | Reached **** piety under Trog
  6297 | D:7      | Reached skill level 10 in Stealth
  6517 | D:8      | Noticed a two-headed ogre
  6526 | D:8      | Killed a two-headed ogre
  6526 | D:8      | Reached skill level 5 in Fighting
  6674 | D:8      | Noticed Pikel
  6695 | D:8      | Killed Pikel
  6695 | D:8      | Reached XP level 10. HP: 46/46 MP: 9/11
  6847 | D:8      | Noticed a two-headed ogre
  6857 | D:8      | Killed a two-headed ogre
  7629 | D:9      | Reached skill level 10 in Dodging
  8385 | D:10     | Entered Level 10 of the Dungeon
  8493 | D:10     | Reached skill level 10 in Fighting
  8780 | D:10     | Found a staircase to the Orcish Mines.
  8791 | D:10     | Found a roughly hewn altar of Beogh.
  8810 | D:10     | Reached ***** piety under Trog
  8810 | D:10     | Reached XP level 11. HP: 54/54 MP: 9/12
  9078 | D:10     | Noticed a vampire mage
  9087 | D:10     | Noticed a phantasmal warrior
  9087 | D:10     | Noticed a flayed ghost
  9095 | D:10     | Slain by a phantasmal warrior
  9096 | D:10     | Reached XP level 10. HP: 0/51 MP: 0/11
  9104 | D:10     | Noticed a two-headed ogre
  9111 | D:10     | Killed a two-headed ogre
  9262 | D:11     | Noticed Psyche
  9266 | D:11     | Found a blossoming altar of Fedhas.
  9268 | D:11     | Killed Psyche
  9277 | D:11     | Noticed Josephine
  9293 | D:11     | Killed Josephine
  9293 | D:11     | Reached skill level 11 in Unarmed Combat
  9461 | D:11     | Noticed a two-headed ogre
  9470 | D:11     | Killed a two-headed ogre
  9484 | D:11     | Found a staircase to the Lair.
  9592 | D:11     | Reached XP level 11. HP: 48/54 MP: 12/12
  9706 | D:11     | Found Xuirom's General Store.
  9714 | D:11     | Bought a potion of ambrosia for 112 gold pieces
  9714 | D:11     | Bought a sack of spiders for 280 gold pieces
  9820 | D:11     | Reached skill level 12 in Unarmed Combat
 10049 | D:11     | Noticed a four-headed hydra
 10055 | D:11     | Killed a four-headed hydra
 10371 | D:11     | Noticed Feta's ghost (journeyman DgFi)
 10388 | D:11     | Killed Feta's ghost
 11010 | D:12     | Reached skill level 13 in Unarmed Combat
 11082 | D:12     | Found an opulent altar of Gozag.
 11239 | D:12     | Noticed an eight-headed hydra
 11243 | D:12     | Killed an eight-headed hydra
 11692 | D:12     | Noticed a red ugly thing
 11707 | D:12     | Killed a red ugly thing
 12231 | D:13     | Noticed Kirke
 12256 | D:13     | Killed Kirke
 12256 | D:13     | Gained mutation: Your thick and shaggy fur keeps you warm. (AC +3, rC+) [Felid growth]
 12256 | D:13     | Reached XP level 12. HP: 59/59 MP: 6/13
 12330 | D:13     | Reached skill level 14 in Unarmed Combat
 12447 | D:13     | Noticed a centaur warrior
 12461 | D:13     | Killed a centaur warrior
 12775 | D:13     | Found Quhaky's Armour Shop.
 12793 | D:13     | Noticed a tengu warrior
 12796 | D:13     | Killed a tengu warrior
 13003 | Lair:1   | Entered Level 1 of the Lair of Beasts
 13030 | Lair:1   | Found a frozen archway.
 13053 | Lair:1   | Reached ****** piety under Trog
 13074 | IceCv    | Entered an ice cave
 13219 | IceCv    | Reached skill level 15 in Unarmed Combat
 15129 | Lair:2   | Found a staircase to the Snake Pit.
 15662 | Lair:3   | Noticed Rupert
 15663 | Lair:3   | Found a staircase to the Shoals.
 15881 | Lair:3   | Reached XP level 13. HP: 63/63 MP: 14/14
 15969 | Lair:3   | Killed Rupert
 15969 | Lair:3   | Reached skill level 16 in Unarmed Combat
 18746 | Lair:5   | Reached skill level 17 in Unarmed Combat
 19078 | Lair:5   | Found a staircase to the Slime Pits.
 19828 | Lair:6   | Entered Level 6 of the Lair of Beasts
 20537 | Lair:6   | Reached XP level 14. HP: 68/68 MP: 15/15
 20546 | Lair:6   | Reached skill level 18 in Unarmed Combat
 21746 | D:13     | Noticed Urug
 21754 | D:13     | Killed Urug
 21755 | D:13     | Paralysed by a hornet for 1 turns
 21758 | D:13     | Paralysed by a hornet for 3 turns
 22265 | D:13     | Found a gate to the Vaults.
 22784 | D:14     | Found Emeufoupp's Jewellery Shoppe.
 22834 | D:14     | Reached skill level 15 in Dodging
 23102 | D:14     | Bought the amulet "Syited" {Faith rC+ rN++ Str-2 Stlth+} for 820 gold pieces
 23102 | D:14     | Bought an uncursed ring of resist corrosion for 260 gold pieces
 23184 | D:14     | Noticed Agnes
 23191 | D:14     | Killed Agnes
 23359 | D:14     | Noticed Azrael
 23371 | D:14     | Killed Azrael
 24192 | D:15     | Entered Level 15 of the Dungeon
 24200 | D:15     | Shot with a bolt by a yaktaur captain
 24201 | D:15     | Reached XP level 13. HP: -32/65 MP: 14/14
 24226 | D:15     | Shot with a bolt by a yaktaur captain
 24227 | D:15     | Reached XP level 12. HP: -5/61 MP: 13/13
 24230 | D:15     | Noticed a six-headed hydra
 24239 | D:15     | Reached XP level 13. HP: 65/65 MP: 14/14
 24265 | D:15     | Found a staircase to the Depths.
 24265 | D:15     | HP: 2/65 [centaur warrior (15)]
 24272 | D:15     | HP: 1/97 [two-headed ogre/dire flail (4)]
 24272 | D:15     | Mangled by a two-headed ogre

Skill      XL: |  1  2  3  4  5  6  7  8  9 10 11 12 13 14 |
---------------+-------------------------------------------+-----
Stealth        | 1 2 4 5 6 7 9 10 11 12 14 | 14.2
Unarmed Combat | 4 5 6 8 10 11 13 15 17 18 | 18.0
Dodging        | 8 10 11 17 16 | 17.0
Fighting       | 6 10 11 12 | 12.7

Action                   |  1- 3 |  4- 6 |  7- 9 | 10-12 | 13-15 || total
-------------------------+-------+-------+-------+-------+-------++-------
Melee: Unarmed           |   108 |   132 |   222 |   765 |   583 ||  1810
       Bite              |     7 |    31 |    19 |   102 |    97 ||   256
       Punch             |     2 |     4 |     9 |    47 |    66 ||   128
Invok: Berserk           |     1 |     2 |     5 |    12 |    12 ||    32
       Trog's Hand       |       |     1 |     1 |    12 |     7 ||    21
       Brothers in Arms  |       |       |       |     2 |     7 ||     9
  Use: Scroll            |       |     7 |     9 |     6 |     4 ||    26
       Potion            |       |       |     3 |     4 |     3 ||    10
 Stab: Sleeping          |     9 |     7 |    24 |    43 |    20 ||   103
       Distracted        |     1 |     1 |     2 |     4 |     6 ||    14
  Eat: Chunk             |    10 |     4 |    11 |    39 |    36 ||   100
Armor: Skin              |     1 |     3 |    20 |    65 |    47 ||   136
Dodge: Dodged            |    70 |    37 |   153 |   629 |   461 ||  1350
